Map: Rhoskallian LE

Players

Saga

  • Race: Zerg Zerg
  • League: Diamond
  • Spawn Location: 6:00

Pim

  • Race: Terran Terran
  • League: Diamond
  • Spawn Location: 5:00

qqq - Winner!

  • Race: Zerg Zerg
  • League: Platinum
  • Spawn Location: 12:00

Massa - Winner!

  • Race: Terran Terran
  • League: Platinum
  • Spawn Location: 11:00

VOD

Have the link to the VOD?

Description

Time

  • Played on: Jan. 17, 2021, 7:54 a.m.
  • Length: 4:36
Show
View Real Time Build Order
Export as new Build Order

Saga Zerg 

Build Orders: Hatch First 

Get SALT Encoding   

  12  0:00  Drone  
  13  0:13  Overlord  
  13  0:18  Drone  
  14  0:31  Drone x2  
  16  0:38  Drone  
  17  0:55  Hatchery  
  16  1:09  Spawning Pool  
  15  1:13  Extractor  
  15  1:15  Drone  
  15  1:19  Drone  
  17  1:25  Drone  
  17  1:33  Drone  
  18  1:43  Drone  
  19  1:58  Queen  
  21  2:03  Overlord  
  21  2:05  Drone  
  21  2:07  Queen  
  24  2:12  Drone  
  25  2:22  Drone  
  26  2:28  Metabolic Boost  
  26  2:34  Zergling x2  
  28  2:37  Drone  
  28  2:38  Drone x2  
  30  2:46  Queen  
  31  2:59  Drone  
  31  3:00  Drone  
  31  3:02  Drone x2  
  35  3:07  Overlord  
  35  3:22  Hatchery  
  35  3:25  Drone x3  
  36  3:42  Drone  
  36  3:43  Drone x6  
  36  3:46  Extractor  
  42  3:59  Queen  
  44  4:10  Overlord  
  44  4:11  Spine Crawler  
  44  4:12  Drone  
Show
View Real Time Build Order
Export as new Build Order

Pim Terran 

Build Orders:  

Get SALT Encoding   

  12  0:01  SCV  
  13  0:14  SCV  
  14  0:18  Supply Depot  
  14  0:26  SCV  
  15  0:32  Refinery  
  15  0:40  SCV  
  16  0:46  Barracks  
  16  0:52  SCV  
  17  1:04  SCV  
  18  1:16  SCV  
  19  1:28  SCV  
  20  1:40  SCV  
  20  1:43  Barracks Reactor  
  21  1:53  Orbital Command  
  21  2:02  Command Center  
  21  2:09  Factory  
  21  2:19  SCV  
  21  2:20  Marine  
  23  2:27  Refinery  
  23  2:30  Supply Depot  
  23  2:43  Barracks  
  23  2:51  Marine  
  23  2:52  SCV  
  23  2:56  Factory Tech Lab  
  25  3:02  Marine  
  25  3:04  SCV  
  27  3:11  Marine  
  28  3:16  SCV  
  30  3:20  Orbital Command  
  30  3:22  Starport  
  29  3:28  SCV  
  29  3:32  Factory Reactor  
  29  3:33  Marine  
  31  3:35  Marine  
  31  3:38  Marauder  
  31  3:40  SCV  
  35  3:47  SCV  
  36  3:52  SCV  
  36  3:55  Bunker  
  37  3:56  Marine x2  
  37  3:59  SCV  
  40  4:05  Marauder  
  40  4:08  SCV  
  43  4:11  SCV  
  42  4:17  Marine x2  
Show
View Real Time Build Order
Export as new Build Order

qqq Zerg - Winner!

Build Orders: Hatch First 

Get SALT Encoding   

  12  0:01  Drone  
  13  0:08  Drone  
  14  0:21  Overlord  
  14  0:48  Hatchery  
  13  0:52  Drone  
  13  0:53  Drone  
  15  0:57  Drone  
  16  1:16  Spawning Pool  
  16  1:17  Extractor  
  14  1:28  Drone x3  
  17  1:56  Drone x2  
  17  2:00  Drone  
  20  2:03  Queen  
  20  2:07  Queen  
  24  2:11  Drone  
  26  2:15  Drone  
  26  2:22  Metabolic Boost  
  26  2:26  Zergling x2  
  27  2:30  Zergling x2  
  27  2:36  Overlord  
  28  2:41  Overlord  
  28  2:47  Overlord  
  28  2:55  Zergling x2  
  28  2:56  Drone  
  28  2:58  Zergling x2  
  31  3:05  Drone  
  32  3:08  Zergling x2  
  32  3:09  Drone  
  34  3:17  Lair  
  34  3:18  Drone  
  35  3:20  Zergling x2  
  35  3:23  Zergling x2  
  35  3:26  Zergling x2  
  38  3:28  Zergling x2  
  38  3:31  Zergling x2  
  40  3:36  Zergling x2  
  40  3:37  Zergling x2  
  40  3:41  Overlord  
  42  3:50  Zergling x4  
  44  3:59  Zergling x8  
  44  4:00  Drone  
  44  4:01  Zergling x2  
  50  4:09  Zergling x6  
Show
View Real Time Build Order
Export as new Build Order

Massa Terran - Winner!

Build Orders:  

Get SALT Encoding   

  12  0:00  SCV  
  13  0:12  SCV  
  14  0:20  Supply Depot  
  14  0:24  SCV  
  15  0:41  Refinery  
  15  0:42  SCV  
  16  0:45  Barracks  
  16  0:54  SCV  
  17  1:06  SCV  
  19  1:18  SCV  
  19  1:30  SCV  
  20  1:43  SCV  
  21  1:49  Barracks Reactor  
  21  1:53  Supply Depot  
  21  1:58  Command Center  
  21  2:00  Orbital Command  
  21  2:11  Factory  
  21  2:25  SCV  
  21  2:29  Marine x2  
  24  2:38  SCV  
  25  2:47  Marine x2  
  27  2:58  Hellion  
  29  3:04  Marine x2  
  31  3:09  Orbital Command  
  31  3:13  Starport, SCV  
  32  3:25  SCV  
  33  3:29  Hellion x2  
  33  3:31  Barracks Tech Lab  
  37  3:37  SCV x2  
  39  3:45  Supply Depot  
  39  3:48  Refinery  
  39  3:49  SCV  
  39  3:52  Supply Depot  
  39  3:54  Hellion  
  42  3:56  Hellion  
  42  3:59  Barracks Tech Lab  
  44  4:08  Supply Depot  
Tags
 
Add a new tag
Caveats
  • Supply blocks, unpowered buildings, or Contaminate may cause inaccurate times.
  • Supply counts are checked every 10 seconds.